 Dungeon Crawl Stone Soup version 0.29-a0-1019-g84f7d21838 (webtiles) character file.

Game seed: 13016154098603488746

43 xian the Sneak (level 3, -8/16 HPs)
             Began as a Spriggan Ice Elementalist on Aug 10, 2022.
             Mangled by a gnoll
             ... wielding a +0 flail
              (11 damage)
             ... on level 2 of the Dungeon.
             The game lasted 00:02:06 (886 turns).

xian the Sneak (Spriggan Ice Elementalist)           Turns: 886, Time: 00:02:07

Health: -8/16      AC:  2    Str:  4    XL:     3   Next: 37%
Magic:  1/8        EV: 17    Int: 18    God:
Gold:   48         SH:  0    Dex: 15    Spells: 7/8 levels left

rFire   . . .      SeeInvis +   c - +2 whip (venom)
rCold   . . .      Faith    .   (no shield)
rNeg    . . .      Spirit   .   a - +0 robe
rPois   .          Reflect  .   (helmet restricted)
rElec   .          Harm     .   (no cloak)
rCorr   .          Rampage  .   (gloves unavailable)
Will    .....                   (boots unavailable)
Stlth   +++.......              (no amulet)
HPRegen 0.05/turn               (no ring)
MPRegen 0.11/turn               (no ring)

@: very quick
A: very small, no large weapons, unfitting armour, see invisible, speed 3
a: no special abilities


You were on level 2 of the Dungeon.
You visited 1 branch of the dungeon, and saw 2 of its levels.

You collected 48 gold pieces.

Inventory:

Hand Weapons
 c - a +2 whip of venom (weapon)
Missiles
 j - 5 poisoned darts
Armour
 a - a +0 robe (worn)
Scrolls
 g - a scroll of enchant weapon {unknown}
Potions
 b - a potion of magic
 d - 2 potions of attraction {unknown}
 e - a potion of degeneration {unknown}
 f - 2 potions of curing {unknown}
 h - a potion of flight {unknown}
 i - 2 potions of lignification {unknown}


   Skills:
 + Level 0.1 Maces & Flails
 + Level 3.3 Dodging
 + Level 3.8 Stealth
 + Level 3.2 Spellcasting
 + Level 3.6 Ice Magic


You had 7 spell levels left.
You knew the following spells:

 Your Spells              Type           Power      Damage    Failure   Level
a - Freeze                Ice            64%        1d8       3%          1

Your spell library contained the following spells:

 Spells                   Type           Power      Damage    Failure   Level
 Frozen Ramparts          Ice            32%        1d5       11%         3
 Ozocubu's Armour         Ice            16%        N/A       11%         3
 Hailstorm                Conj/Ice       9%         3d4       58%         4


Dungeon Overview and Level Annotations

Branches:
Dungeon (2/15)

Altars:


Innate Abilities, Weirdness & Mutations

You are very small and have problems with some larger weapons.
You are too small for most types of armour.
You have supernaturally acute eyesight. (SInv)
You cover ground extremely quickly. (Speed+++)


Message History

A gnoll comes into view. It is wielding a +0 halberd.
You freeze the gnoll.
The gnoll shouts!
The gnoll is moderately wounded.
You hear a shout!
The gnoll closely misses you.
You freeze the gnoll.
The gnoll is severely wounded.
The gnoll closely misses you.
You freeze the gnoll.
The gnoll is almost dead.
The gnoll closely misses you.
You freeze the gnoll.
You kill the gnoll!
A gnoll comes into view. It is wielding a +0 flail.
A gnoll comes into view. It is wielding a +0 whip.
You have reached level 3!
Your experience leads to an increase in your attributes!
Increase (S)trength, (I)ntelligence, or (D)exterity?
You feel clever. x2
The gnoll barely misses you.
You freeze the gnoll.
The gnoll is moderately wounded.
The gnoll closely misses you.
You freeze the gnoll!
You kill the gnoll!
Your Spellcasting skill increases to level 3!
You are out of magic!
You are out of magic!
You are out of magic!
You are out of magic!
You are out of magic!
You are out of magic!
You closely miss the gnoll. The gnoll closely misses you.
You closely miss the gnoll. The gnoll hits you with a +0 flail!
Ouch! That really hurt!
* * * LOW HITPOINT WARNING * * *
You closely miss the gnoll. The gnoll hits you with a +0 flail!
Ouch! That really hurt!
You die...

# .# # ####. .#
####...## ..
.....#.###.####
##.#........$..
#)..†..<......#
#@#...####.##.#
#g##### #g# #.#
... ... ..#
#..#


You could see 2 gnolls.

Vanquished Creatures
  2 gnolls (D:2)
  A dart slug (D:1)
  4 ball pythons (D:1)
  2 endoplasms (D:1)
  2 giant cockroaches (D:1)
  3 goblins (D:1)
  2 hobgoblins (D:2)
  A quokka (D:1)
  2 frilled lizards (D:1)
  A kobold (D:1)
  2 rats (D:1)
22 creatures vanquished.

Notes
Turn   | Place    | Note
-------+----------+-------------------------------------------
     0 | D:1      | xian the Spriggan Ice Elementalist began the quest for the
                  | Orb.
     0 | D:1      | Reached XP level 1. HP: 9/9 MP: 5/5
    92 | D:1      | Reached XP level 2. HP: 7/13 MP: 2/6
   881 | D:2      | Reached XP level 3. HP: 14/16 MP: 2/8
   886 | D:2      | Mangled by a gnoll

Illustrated notes

Levels and vault maps discovered:
D:1:      lightli_arrival_lavapool, layout_basic
D:2:      layout_loops_ring, hellmonk_ecumenical_altar_arch_garden, st_stairs_2

Skill      XL: |  1  2  3 |
---------------+----------+-----
Dodging        | 3 |  3.3
Spellcasting   | 3 |  3.2
Maces & Flails | |  0.1
Stealth        | |  3.8
Ice Magic      | |  3.6

Action                   || total
-------------------------++-------
Melee: Whip              ||    36
 Cast: Freeze            ||    17
 Stab: Sleeping          ||     5
Armor: Robe              ||     3
Dodge: Dodged            ||    37

Table legend: (Time is in decaauts)
 A = Elapsed time spent in this place.
 B = Non-inter-level travel time spent in this place.
 C = Inter-level travel time spent in this place.
 D = Time resting spent in this place.
 E = Time spent auto-exploring this place.
 F = Levels seen in this place.
 G = Mean time per level.
                   A        B        C        D        E       F      G
               +--------+--------+--------+--------+--------+-----+--------+
         Total |    695 |    684 |     11 |      0 |    511 |   2 |  347.5 |
       Dungeon |    695 |    684 |     11 |      0 |    511 |   2 |  347.5 |
               +--------+--------+--------+--------+--------+-----+--------+

Top non-repeatable levels by time:
     D:1: 628 daAuts
     D:2: 67 daAuts
